 Dungeon Crawl Stone Soup version 0.30-a0-778-g2ef04afb54 (webtiles) character file.

Game seed: 15495611450812439216

46 HoaS the Shooter (level 3, 0/21 HPs)
             Began as a Gargoyle Hunter on Feb 16, 2023.
             Killed from afar by an orc wizard (4 damage)
             ... with a puff of flame
             ... on level 2 of the Dungeon.
             The game lasted 00:01:54 (1591 turns).

HoaS the Shooter (Gargoyle Hunter)                  Turns: 1591, Time: 00:01:55

Health: 0/21       AC: 10    Str: 14    XL:     3   Next: 66%
Magic:  3/3        EV: 11    Int:  9    God:
Gold:   50         SH:  0    Dex: 15    Spells: 2/2 levels left

rFire   . . .      SeeInvis .    a - +0 shortbow
rCold   . . .      Faith    .    (shield currently unavailable)
rNeg    + . .      Spirit   .    c - +0 leather armour
rPois   ∞          Reflect  .    (no helmet)
rElec   +          Harm     .    h - +2 cloak
rCorr   .          Rampage  .    (no gloves)
Will    .....                    d - +0 pair of boots
Stlth   ++                       (no amulet)
HPRegen 0.23/turn                (no ring)
MPRegen 0.08/turn                (no ring)

@: no status effects
A: sickness immunity, AC +3, negative energy resistance 1, electricity
resistance, torment resistance 1, petrification resistance
a: no special abilities


You were on level 2 of the Dungeon.
You visited 1 branch of the dungeon, and saw 3 of its levels.

You collected 50 gold pieces.

Inventory:

Hand Weapons
 a - a +0 shortbow (weapon)
Armour
 c - a +0 leather armour (worn)
 d - a +0 pair of boots (worn)
 h - a +2 cloak (worn)
Scrolls
 b - a scroll of immolation
 i - 2 scrolls of teleportation
 j - a scroll of blinking
 m - a scroll of poison {unknown}
Potions
 e - a potion of haste {unknown}
 f - a potion of might {unknown}
 g - a potion of mutation {unknown}
 k - a potion of heal wounds {unknown}
 l - a potion of magic {unknown}


   Skills:
 - Level 2.1 Fighting
 + Level 5.3 Ranged Weapons
 - Level 1.5 Dodging
 - Level 1.1 Stealth


You had 2 spell levels left.
You didn't know any spells.
Your spell library was empty.

Dungeon Overview and Level Annotations

Branches:
Dungeon (3/15)

Altars:


Innate Abilities, Weirdness & Mutations

You are immune to sickness and miasma.
Your stone body is resilient. (AC +3)
You are immune to poison.
You resist negative energy. (rN+)
You are resistant to electric shocks. (rElec)
You are resistant to unholy torment.
You are immune to petrification.


Message History

There is a stone staircase leading up here.
The orc wizard barely misses you. The orc barely misses you.
The orc wizard points at you and mumbles some strange words.
You resist with significant effort.
You climb upwards.
There is a stone staircase leading down here.
You shoot an arrow. The arrow hits the orc wizard.
The orc wizard is moderately wounded.
The orc wizard hits you with a +0 dagger.
The orc hits you with a +0 hand axe.
The orc wizard hits you but does no damage.
You shoot an arrow. The arrow hits the orc wizard.
The orc wizard is heavily wounded.
The orc wizard barely misses you. The orc barely misses you.
The orc wizard misses you. The orc barely misses you.
The orc wizard casts a spell.
The orc wizard flickers and vanishes!
Deactivating autopickup; reactivate with Ctrl-A.
The orc wizard closely misses you.
You shoot an arrow.
The arrow closely misses the orc wizard.
The orc wizard hits you but does no damage.
The orc hits you but does no damage. Something hits you but does no damage.
You shoot an arrow. The orc hits you but does no damage.
The orc wizard hits you but does no damage.
Something hits you but does no damage.
You shoot an arrow. Something hits you but does no damage.
The orc hits you but does no damage. The orc wizard closely misses you.
You shoot an arrow. Something hits you. The orc barely misses you.
The orc wizard completely misses you. The orc closely misses you.
Something hits you but does no damage. The orc wizard closely misses you.
You shoot an arrow. The orc hits you with a +0 hand axe.
The orc wizard hits you but does no damage.
Something hits you.
You shoot an arrow. The orc hits you with a +0 hand axe.
* * * LOW HITPOINT WARNING * * *
You hear some strange, mumbled words.
A puff of flame appears from out of thin air!
The puff of flame hits you.
You die...

####################
##.#oo.....##........
##..[@#####.##.######.
##...{.#####[##.#### #.
##..................# #.
####.........###.##.##.# #.
####........<..## #.##.##.# #.
#..............####.##.##.###.
###.##.###.#..........##........
##...##.#
#.##..###########.#####
#.##..#.# #.###.# #.#


You could see an orc wizard and an orc.

Vanquished Creatures
  2 adders (D:2)
  An orc (D:2)
  2 bats (D:1)
  An endoplasm (D:1)
  2 giant cockroaches
  2 goblins (D:2)
  4 hobgoblins
  4 kobolds
  A quokka (D:1)
  3 ball pythons (D:1)
  3 frilled lizards (D:1)
25 creatures vanquished.

Notes
Turn   | Place    | Note
-------+----------+-------------------------------------------
     0 | D:1      | HoaS the Gargoyle Hunter began the quest for the Orb.
     0 | D:1      | Reached XP level 1. HP: 12/12 MP: 1/1
   244 | D:1      | Reached XP level 2. HP: 17/17 MP: 2/2
   303 | D:1      | Found Wolohef's Armour Emporium.
   454 | D:1      | Found a faded altar of an unknown god.
  1192 | D:2      | Reached XP level 3. HP: 21/21 MP: 3/3
  1321 | D:2      | Reached skill level 5 in Ranged Weapons
  1591 | D:2      | Killed from afar by an orc wizard

Illustrated notes

Levels and vault maps discovered:
D:1:      dpeg_arrival_chambers_temple_mockup, layout_basic,
          ebering_ecumenical_altar_sacrificial, serial_shops, shop
D:2:      layout_loops_corners
D:3:      layout_loops_ring, minmay_misc_feat_room, uniq_robin

Skill      XL: |  1  2  3 |
---------------+----------+-----
Ranged Weapons | 5 |  5.3
Fighting       | |  2.1
Dodging        | |  1.5
Stealth        | |  1.1

Action                     || total
---------------------------++-------
   Fire: Shortbow          ||    64
    Use: Scroll            ||     5
 Armour: Leather armour    ||    19
  Dodge: Dodged            ||    31

Table legend: (Time is in decaauts)
 A = Elapsed time spent in this place.
 B = Non-inter-level travel time spent in this place.
 C = Inter-level travel time spent in this place.
 D = Time resting spent in this place.
 E = Time spent auto-exploring this place.
 F = Levels seen in this place.
 G = Mean time per level.
                   A        B        C        D        E       F      G
               +--------+--------+--------+--------+--------+-----+--------+
         Total |   1610 |   1469 |    141 |      4 |   1298 |   3 |  536.7 |
       Dungeon |   1610 |   1469 |    141 |      4 |   1298 |   3 |  536.7 |
               +--------+--------+--------+--------+--------+-----+--------+

Top non-repeatable levels by time:
     D:2: 820 daAuts
     D:1: 785 daAuts
     D:3: 4 daAuts
